 Dungeon Crawl Stone Soup version 0.28-a0-909-g796cbd3a86 (webtiles) character file.

Game seed: 11023399701583458263

15 Majang the Chopper (level 2, -1/36 HPs)
             Began as a Human Berserker on Nov 25, 2021.
             Was a Follower of Trog.
             Slain by a hobgoblin (5 damage)
             ... on level 1 of the Dungeon.
             The game lasted 00:01:18 (516 turns).

Majang the Chopper (Human Berserker)                 Turns: 516, Time: 00:01:19

Health: -1/36      AC:  2    Str: 17    XL:     2   Next: 65%
Magic:  2/2        EV: 12    Int:  7    God:    Trog [*.....]
Gold:   12         SH:  0    Dex: 12    Spells: 1/1 levels left

rFire   . . .      SeeInvis .   a - +0 hand axe
rCold   . . .      Faith    .   (no shield)
rNeg    . . .      Spirit   .   b - +0 animal skin
rPois   .          Reflect  .   (no helmet)
rElec   .          Harm     .   (no cloak)
rCorr   .          Rampage  .   (no gloves)
Will    .....                   (no boots)
Stlth   ..........              (no amulet)
HPRegen 0.12/turn               (no ring)
MPRegen 0.08/turn               (no ring)

@: berserking, very quick
A: no striking features
a: Renounce Religion, Berserk


You were on level 1 of the Dungeon.
You worshipped Trog.
Trog was aware of your devotion.
You visited 1 branch of the dungeon, and saw 1 of its levels.

You collected 12 gold pieces.

Inventory:

Hand Weapons
 a - a +0 hand axe (weapon)
Armour
 b - a +0 animal skin (worn)
Scrolls
 c - a scroll of identify {unknown}


   Skills:
 + Level 3.2 Fighting
 * Level 3.5 Axes
 - Level 2.0 Armour
 - Level 2.0 Dodging


You had one spell level left.
You didn't know any spells.
Your spell library was empty.

Dungeon Overview and Level Annotations

Branches:
Dungeon (1/15)

Altars:


Message History

You slash the frilled lizard!
You kill the frilled lizard!
Trog accepts your kill.
You miss the bat. The bat closely misses you.
You closely miss the hobgoblin. The bat hits you but does no damage.
The hobgoblin closely misses you.
You hit the hobgoblin.
The hobgoblin is lightly wounded.
You hit the bat.
You kill the bat!
Trog accepts your kill. The hobgoblin hits you.
You closely miss the hobgoblin.
The hobgoblin is lightly wounded.
The hobgoblin hits you.
You barely miss the hobgoblin.
The hobgoblin is lightly wounded.
The hobgoblin hits you but does no damage.
The hobgoblin hits you.
You barely miss the hobgoblin.
The hobgoblin is lightly wounded.
The hobgoblin hits you.
You hit the hobgoblin but do no damage.
The hobgoblin is lightly wounded.
The hobgoblin closely misses you.
You closely miss the hobgoblin.
The hobgoblin is lightly wounded.
The hobgoblin hits you.
You hit the hobgoblin but do no damage.
The hobgoblin is lightly wounded.
The hobgoblin hits you.
* * * LOW HITPOINT WARNING * * *
You hit the hobgoblin.
The hobgoblin is heavily wounded.
The hobgoblin hits you.
* * * LOW HITPOINT WARNING * * *
Okay, then.
A red film seems to cover your vision as you go berserk!
You feel yourself moving faster!
You feel mighty! The hobgoblin hits you.
You die...

.. ...... .. ....
.##.###..† .. ...
.......... #? ..
...)....... #.##.#
.....#.##..†
##.#..##... #.†.
#.......... ..##...
####..g.#...#..#.##....
#.....@...# #.#.#....#
#....†..### ##.#.#.....
#...##...####..........
#...#....##...#........
#...........##.........
#....................##
#............#.......#
#...#.......##.......#
#...###########.....##


You could see a hobgoblin.

Vanquished Creatures
  A ball python (D:1)
  5 bats (D:1)
  An endoplasm (D:1)
  3 hobgoblins (D:1)
  A frilled lizard (D:1)
  2 rats (D:1)
13 creatures vanquished.

Notes
Turn   | Place    | Note
-------+----------+-------------------------------------------
     0 | D:1      | Majang the Human Berserker began the quest for the Orb.
     0 | D:1      | Reached XP level 1. HP: 18/18 MP: 1/1
   182 | D:1      | Reached XP level 2. HP: 14/24 MP: 2/2
   516 | D:1      | Slain by a hobgoblin

Illustrated notes

Levels and vault maps discovered:
D:1:      lightli_arrival_statue_moat, layout_rooms, kennysheep_nondescript

Action                   || total
-------------------------++-------
Melee: Hand axe          ||    46
Invok: Berserk           ||     1
Armor: Animal skin       ||    15
Dodge: Dodged            ||    35

Table legend: (Time is in decaauts)
 A = Elapsed time spent in this place.
 B = Non-inter-level travel time spent in this place.
 C = Inter-level travel time spent in this place.
 D = Time resting spent in this place.
 E = Time spent auto-exploring this place.
 F = Levels seen in this place.
 G = Mean time per level.
                   A        B        C        D        E       F      G
               +--------+--------+--------+--------+--------+-----+--------+
         Total |    522 |    522 |      0 |    134 |    300 |   1 |  522.0 |
       Dungeon |    522 |    522 |      0 |    134 |    300 |   1 |  522.0 |
               +--------+--------+--------+--------+--------+-----+--------+

Top non-repeatable levels by time:
     D:1: 522 daAuts
